 Dungeon Crawl Stone Soup version 0.18-a0-1683-gf9322e6 (webtiles) character file.

109 namelastname112 the Insei (level 4, -1/38 HPs)
             Began as a Draconian Monk on Apr 4, 2016.
             Killed from afar by an orc wizard (9 damage)
             ... with a puff of flame
             ... on level 3 of the Dungeon.
             The game lasted 00:02:00 (1624 turns).

namelastname112 the Insei (Draconian Monk)          Turns: 1624, Time: 00:02:01

Health: -1/38      AC:  8    Str: 10 (13) XL:     4   Next: 59%
Magic:  4/4        EV: 12    Int:  8 (10) God:
Gold:   124        SH:  0    Dex: 12 (15) Spells: 0 memorised, 3 levels left

rFire  . . .     SeeInvis .       - Unarmed
rCold  . . .     Gourm    .     (armour unavailable)
rNeg   . . .     Faith    .     (no shield)
rPois  .         Spirit   .     (helmet restricted)
rElec  .         Dismiss  .     g - +2 cloak
rCorr  .         Reflect  .     (no gloves)
SustAt .         Harm     .     (no boots)
MR     .....                    (no amulet)
Stlth  ++........               (no ring)
                                (no ring)

@: not resistant to hostile enchantments, unstealthy
A: unfitting armour, cold-blooded, AC +5
a: no special abilities


You were on level 3 of the Dungeon.
You were not hungry.

You visited 1 branch of the dungeon, and saw 3 of its levels.

You collected 124 gold pieces.

Inventory:

Armour
 g - a +2 cloak (worn)
Scrolls
 b - a scroll of fog
 c - 3 scrolls of identify {unknown}
 d - a scroll of blinking {unknown}
 e - a scroll of enchant weapon {unknown}
 f - a scroll of remove curse {unknown}
 i - a scroll of immolation {unknown}
Potions
 k - a potion of cure mutation
Comestibles
 a - 3 bread rations
 h - 2 meat rations


   Skills:
 - Level 3.2 Fighting
 - Level 2.6 Dodging
 - Level 1.7 Stealth
 + Level 6.0 Unarmed Combat


You had 3 spell levels left.
You didn't know any spells.

Dungeon Overview and Level Annotations

Branches:
Dungeon (3/15)

Altars:
Makhleb
Nemelex Xobeh


Innate Abilities, Weirdness & Mutations

Your plain brown scales are hard (AC +5).
Your body does not fit into most forms of armour.
You are cold-blooded and may be slowed by cold attacks.


Message History

Something hits you but does no damage.
You are too injured to fight recklessly!
Drink which item? (? for menu, Esc to quit)
It was a potion of cure mutation.
It has a very clean taste.
Something completely misses you. Something hits you but does no damage.
Drink which item? (? for menu, Esc to quit)
It was a potion of degeneration.
There was something very wrong with that liquid.
You feel weakened.
You feel dopey.
You feel clumsy. Something hits you but does no damage.
Drink which item? (? for menu, Esc to quit)
Okay, then.
Read which item? (? for menu, Esc to quit)
As you read the scroll labeled HAUGOIT SATI, it crumbles to dust.
The scroll dissolves into smoke.
It was a scroll of fog.
Something hits you but does no damage.
You hear some strange, mumbled words.
A puff of flame appears from out of thin air!
The puff of flame hits you!
You die...

##################.########.##
...........#.....#
#######.##.#.##### #.##.#.#
#.##.#.# #.##.#.# ...#.#.#
###########.#.#
#{{@ยงยง......#.#
#o###########.###### ####)####
#......# #..ooo..# ###.####
#...oo..# #.# #.......# #.#
#.......# #.# #.......# #.#
#%......# #.#


You could see an orc wizard.

Vanquished Creatures
  An orc priest (D:3)
  2 adders (D:2)
  4 worms
  A dart slug (D:2)
  An orc (D:3)
  A ball python (D:2)
  A bat (D:1)
  2 giant cockroaches
  6 goblins
  6 hobgoblins
  9 jackals
  A giant newt (D:2)
  2 kobolds (D:2)
  5 rats
42 creatures vanquished.

Notes
Turn   | Place    | Note
--------------------------------------------------------------
     0 | D:1      | namelastname112 the Draconian Monk began the quest for the Orb.
     0 | D:1      | Reached XP level 1. HP: 19/19 MP: 1/1
    78 | D:1      | Vulkandrache: i will go now, time for the bed
    92 | D:1      | namelastname112: good night
   424 | D:2      | Reached XP level 2. HP: 19/26 MP: 2/2
   540 | D:2      | Reached skill level 5 in Unarmed Combat
   540 | D:2      | Reached XP level 3. HP: 8/31 MP: 3/3
   813 | D:2      | Found a faded altar to an unknown god.
   921 | D:2      | Found a burning altar of Makhleb.
  1216 | D:2      | Found a sparkling altar of Nemelex Xobeh.
  1434 | D:3      | Reached XP level 4. HP: 38/38 MP: 4/4
  1609 | D:3      | Reached skill level 6 in Unarmed Combat
  1624 | D:3      | Killed from afar by an orc wizard

Vault maps used:
D:1:      saegor_arrival_simple_a
D:2:      nemelex_xobeh_ov_fountains_minmay, nicolae_overflow_crystal_walls,
          ecumenical_altar_2
D:3:      tso_altar, uniq_sigmund

Skill      XL: |  1  2  3  4 |
---------------+-------------+-----
Unarmed Combat | 5 6 |  6.0
Fighting       | |  3.2
Dodging        | |  2.6
Stealth        | |  1.7

Action                   |  1- 3 |  4- 6 || total
-------------------------+-------+-------++-------
Melee: Unarmed           |   142 |    36 ||   178
  Use: Potion            |       |     2 ||     2
       Scroll            |       |     1 ||     1
 Stab: Sleeping          |     3 |     1 ||     4
  Eat: Chunk             |     1 |     1 ||     2
